 Dungeon Crawl Stone Soup version 0.29-a0-323-g050149af67 (webtiles) character file.

Game seed: 1416503983547308311

453 Essalna the Skirmisher (level 7, 0/63 HPs)
             Began as a Hill Orc Fighter on Apr 10, 2022.
             Was a Follower of Uskayaw.
             Succumbed to a water moccasin's poison
             ... in a sewer.
             The game lasted 00:07:34 (3281 turns).

Essalna the Skirmisher (Hill Orc Fighter)           Turns: 3281, Time: 00:07:35

Health: 0/63       AC: 16    Str: 21    XL:     7   Next: 5%
Magic:  2/7        EV:  6    Int:  8    God:    Uskayaw [*.....]
Gold:   272        SH:  4    Dex: 10    Spells: 6/6 levels left

rFire   . . .      SeeInvis .   a - +0 war axe
rCold   . . .      Faith    .   c - +0 buckler
rNeg    . . .      Spirit   +   h - +0 plate armour
rPois   .          Reflect  .   x - +0 helmet
rElec   .          Harm     .   (no cloak)
rCorr   .          Rampage  .   y - +0 pair of gloves
Will    +....                   v - +0 pair of boots
Stlth   ..........              A - amulet of guardian spirit
HPRegen 0.20/turn               n - ring of willpower
MPRegen 0.10/turn               (no ring)

@: mighty, lethally poisoned (0 -> 0)
A: no striking features
a: Renounce Religion, Stomp


You were in a sewer.
You worshipped Uskayaw.
Uskayaw was noncommittal.
You visited 1 branch of the dungeon, and saw 5 of its levels.
You also visited: Sewer.

You collected 272 gold pieces.

Inventory:

Hand Weapons
 a - a +0 war axe (weapon)
Armour
 b - a +0 scale mail
 c - a +0 buckler (worn)
 h - a +0 plate armour (worn)
 v - a +0 pair of boots (worn)
 x - a +0 helmet (worn)
 y - a +0 pair of gloves (worn)
Jewellery
 j - a ring of flight
 n - a ring of willpower (left hand)
 o - a ring of wizardry
 A - an amulet of guardian spirit (around neck)
Wands
 w - a wand of polymorph (6)
Scrolls
 f - a scroll of identify
 p - a scroll of enchant weapon {unknown}
 s - a scroll of enchant armour {unknown}
 u - a scroll of immolation {unknown}
 B - a scroll of summoning {unknown}
Potions
 d - a potion of might
 e - 2 potions of mutation
 g - a potion of berserk rage {unknown}
 i - 2 potions of magic {unknown}
 l - 4 potions of curing {unknown}
 m - a potion of lignification {unknown}
 q - a potion of invisibility {unknown}
 r - a potion of resistance {unknown}
 t - a potion of degeneration {unknown}
 z - a potion of flight {unknown}
 C - a potion of attraction {unknown}


   Skills:
 + Level 6.0 Fighting
 + Level 5.6 Axes
 + Level 5.3 Armour
 - Level 4.0 Shields


You had 6 spell levels left.
You didn't know any spells.
Your spell library contained the following spells:

 Spells                   Type           Power      Damage    Failure   Level
 Pain                     Necr           0%         1d4       100%        1
 Ensorcelled Hibernation  Hex/Ice        0%         N/A       100%        2
 Frozen Ramparts          Ice            0%         1d2       100%        3
 Spider Form              Tmut/Pois      0%         N/A       100%        3
 Anguish                  Hex/Necr       0%         N/A       100%        4
 Ice Form                 Ice/Tmut       0%         N/A       100%        4
 Summon Ice Beast         Ice/Summ       0%         N/A       100%        4
 Agony                    Necr           0%         N/A       100%        5
 Excruciating Wounds      Necr           0%         N/A       100%        5


Dungeon Overview and Level Annotations

Branches:
Dungeon (5/15)              Sewer (1/1)
 Temple: D:4-7

Altars:
Uskayaw
Yredelemnul

Shops:
D:3 =


Message History

You are poisoned.
The water moccasin poisons you!
You slash the water moccasin!
The water moccasin is almost dead.
You feel very sick.
The water moccasin bites you but does no damage.
The water moccasin bites you.
You can now pass through a line of other dancers.
You barely miss the water moccasin.
The water moccasin is almost dead.
You feel very sick.
You block the water moccasin's attack. x2
You closely miss the water moccasin.
The water moccasin is almost dead.
You feel sick. The water moccasin bites you.
* * * LOW HITPOINT WARNING * * *
You barely miss the water moccasin.
The water moccasin is almost dead.
You feel sick. The water moccasin bites you.
* * * LOW HITPOINT WARNING * * *
The water moccasin bites you but does no damage.
You can no longer pass through a line of other dancers.
You feel very mighty all of a sudden.
You feel sick.
The water moccasin completely misses you.
The water moccasin bites you.
* * * LOW HITPOINT WARNING * * *
You miss the water moccasin.
The water moccasin is almost dead.
* * * LOW HITPOINT WARNING * * *
You feel sick.
The water moccasin bites you but does no damage.
You barely miss the water moccasin.
The water moccasin is almost dead.
* * * LOW HITPOINT WARNING * * *
You feel sick.
The water moccasin bites you but does no damage. x2
You slice the water moccasin!!
You kill the water moccasin!
You die...

#≈.###≈.##
#..≈ #≈..#
#.≈# ##..#
#.. #≈.#
#. #..#
##..#
#...#
##..##
#.@.#
#.≈..†##
#..≈..#
##.≈≈##
#≈.≈ ≈#.#
($#. ## ##


There were no monsters in sight!

Vanquished Creatures
  A fire bat (D:4)
  A water moccasin (Sewer)
  A phantom (D:5)
  A necrophage (D:5)
  A howler monkey (D:3)
  Jessica (D:3)
  4 adders
  2 dart slugs
  2 orcs
  5 ball pythons
  5 bats
  4 endoplasms
  3 giant cockroaches
  14 hobgoblins
  A jackal (D:1)
  7 kobolds
  4 quokkas
  4 frilled lizards
  6 goblins
  5 rats
72 creatures vanquished.

Vanquished Creatures (others)
  A jackal (D:1)
  A plant (D:2)
2 creatures vanquished.

Grand Total: 74 creatures vanquished

Notes
Turn   | Place    | Note
-------+----------+-------------------------------------------
     0 | D:1      | Essalna the Hill Orc Fighter began the quest for the Orb.
     0 | D:1      | Reached XP level 1. HP: 19/19 MP: 1/1
   226 | D:1      | Reached XP level 2. HP: 27/27 MP: 2/2
   262 | D:1      | Found a faded altar of an unknown god.
   655 | D:2      | Reached skill level 4 in Fighting
   664 | D:2      | Reached XP level 3. HP: 30/33 MP: 3/3
  1015 | D:2      | Reached XP level 4. HP: 40/40 MP: 4/4
  1645 | D:3      | Reached XP level 5. HP: 47/47 MP: 5/5
  1707 | D:3      | Found Bunu's Jewellery Shop.
  2105 | D:3      | Noticed Jessica
  2110 | D:3      | Killed Jessica
  2360 | D:4      | Found a basalt altar of Yredelemnul.
  2564 | D:4      | Reached skill level 5 in Fighting
  2703 | D:4      | Noticed an ogre
  2705 | D:4      | Noticed a fire bat
  2705 | D:4      | an ogre changed into a fire bat
  2722 | D:4      | Killed a fire bat
  2723 | D:4      | Reached skill level 5 in Axes
  2723 | D:4      | Reached skill level 5 in Armour
  2723 | D:4      | Reached XP level 6. HP: 12/56 MP: 1/6
  3052 | D:4      | Identified the +0 robe of the Gate {rN+}
  3053 | D:4      | Noticed a +0 falchion
  3054 | D:4      | Noticed a +0 spear
  3054 | D:4      | Noticed a +0 dagger
  3055 | D:4      | Noticed a +0 short sword
  3055 | D:4      | Noticed a +0 short sword
  3055 | D:4      | Noticed a +0 dagger
  3056 | D:4      | Noticed a +0 spear
  3056 | D:4      | Noticed a +0 falchion
  3070 | D:4      | Found a hide-covered altar of Uskayaw.
  3090 | D:4      | Became a worshipper of Uskayaw the Reveller
  3129 | D:5      | Entered Level 5 of the Dungeon
  3166 | D:5      | Reached * piety under Uskayaw
  3175 | D:5      | Reached ** piety under Uskayaw
  3182 | D:5      | Reached *** piety under Uskayaw
  3183 | D:5      | Reached skill level 6 in Fighting
  3183 | D:5      | Reached XP level 7. HP: 63/63 MP: 7/7
  3196 | D:5      | Found a glowing drain.
  3205 | Sewer    | Entered a sewer
  3279 | Sewer    | HP: 3/63 [poisoned by a water moccasin]
  3280 | Sewer    | HP: 1/63 [poisoned by a water moccasin]
  3281 | Sewer    | Succumbed to a water moccasin's poison

Illustrated notes

Levels and vault maps discovered:
D:1:      lightli_arrival_quake, layout_rooms,
          shapermc_ecumenical_altar_pompeii, lemuel_flame_loot_1
D:2:      cheibrodos_old_hovel, layout_basic
D:3:      layout_basic, serial_shops, nicolae_shop_crystal,
          nicolae_concentric_dashed_squares_wild, hangedman_decor_growths,
          minmay_misc_feat_tiny, kennysheep_jessica_study
D:4:      layout_basic, nicolae_overflow_crystal_walls,
          nicolae_uskayaw_en_pointe
D:5:      layout_loops_ring, nicolae_vehumet_altar_sigil,
          cheibrodos_sewer_entry_sluice
Sewer:    sewer_the_moccasin

Skill      XL: |  1  2  3  4  5  6 |
---------------+-------------------+-----
Axes           | 3 4 5 |  5.6
Fighting       | 4 5 6 |  6.0
Armour         | 4 5 |  5.3
Shields        | 4 |  4.0

Action                   |  1- 3 |  4- 6 |  7- 9 || total
-------------------------+-------+-------+-------++-------
Melee: War axe           |    88 |   119 |    29 ||   236
Evoke: Wand              |       |     1 |       ||     1
  Use: Scroll            |       |     3 |       ||     3
       Potion            |       |       |     1 ||     1
Armor: Scale mail        |    15 |       |       ||    15
       Plate armour      |    61 |    86 |    19 ||   166
Dodge: Dodged            |    43 |    28 |    12 ||    83
Block: Buckler           |    21 |    25 |     9 ||    55

Table legend: (Time is in decaauts)
 A = Elapsed time spent in this place.
 B = Non-inter-level travel time spent in this place.
 C = Inter-level travel time spent in this place.
 D = Time resting spent in this place.
 E = Time spent auto-exploring this place.
 F = Levels seen in this place.
 G = Mean time per level.
                   A        B        C        D        E       F      G
               +--------+--------+--------+--------+--------+-----+--------+
         Total |   3362 |   3249 |    113 |      0 |   2506 |   6 |  560.3 |
       Dungeon |   3277 |   3164 |    113 |      0 |   2456 |   5 |  655.4 |
         Sewer |     85 |     85 |      0 |      0 |     50 |   1 |   85.0 |
               +--------+--------+--------+--------+--------+-----+--------+

Top non-repeatable levels by time:
     D:4: 941 daAuts
     D:3: 918 daAuts
     D:1: 668 daAuts
     D:2: 667 daAuts
   Sewer: 85 daAuts
     D:5: 83 daAuts
